TOP OF THE 1ST |
---|
Vancouver Vipers batting - Pitching for San Jose Missions : RHP Mike Clay | Pitching: RHP Mike Clay | | Batting: RHB Bob Magee | 0-0: SINGLE (Groundball, 34) (infield hit) | Batting: RHB Jesús Lara | 0-0: Ball 1-0: Foul Ball, location: 2F 1-1: Ground out 5-3 (Groundball, 56S) Bob Magee to second | Batting: LHB Stan Bates | 0-0: Ball 1-0: Ball 2-0: Foul Ball, location: 2F 2-1: Ball 3-1: Foul Ball, location: 2F 3-2: Foul Ball, location: 2F 3-2: Foul Ball, location: 2F 3-2: Base on Balls | Batting: LHB Randy Wiggins | 0-0: Called Strike 0-1: Foul Ball, location: 2F 0-2: Strikes out swinging | Batting: RHB Walton Smith | 0-0: Ball 1-0: Ball 2-0: Ball 3-0: Called Strike 3-1: Foul Ball, location: 2F 3-2: Strikes out swinging | Top of the 1st over - 0 runs, 1 hit, 0 errors, 2 left on base; Vancouver 0 - San Jose 0 | BOTTOM OF THE 1ST |
---|
San Jose Missions batting - Pitching for Vancouver Vipers : RHP Diego González | Pitching: RHP Diego González | | Batting: RHB Lorenzo Mota | 0-0: Swinging Strike 0-1: Foul Ball, location: 2F 0-2: Foul Ball, location: 2F 0-2: Foul Ball, location: 2F 0-2: Strikes out swinging | Batting: RHB Jorge Díaz | 0-0: Ball 1-0: Ball 2-0: Ball 3-0: Called Strike 3-1: Ground out 5-3 (Groundball, 56) | Batting: RHB Peter Bishop | 0-0: Called Strike 0-1: Called Strike 0-2: Ball 1-2: Ball 2-2: SINGLE (Groundball, 56) (infield hit) | Batting: RHB Dale Taylor | 0-0: Ball 1-0: Called Strike 1-1: Called Strike 1-2: Foul Ball, location: 2F 1-2: Foul Ball, location: 2F 1-2: Fly out, F7 (Flyball, 78S) | Bottom of the 1st over - 0 runs, 1 hit, 0 errors, 1 left on base; Vancouver 0 - San Jose 0 | TOP OF THE 2ND |
---|
Vancouver Vipers batting - Pitching for San Jose Missions : RHP Mike Clay | Batting: LHB Collin Smith | 0-0: Foul Ball, location: 2F 0-1: Called Strike 0-2: Ball 1-2: Ball 2-2: Strikes out swinging | Batting: LHB Brian Ford | 0-0: Called Strike 0-1: Swinging Strike 0-2: Foul Ball, location: 2F 0-2: Strikes out swinging | Batting: LHB Jorge Martínez | 0-0: Ball 1-0: Fly out, F2 (Popup, 2LF) | Top of the 2nd over - 0 runs, 0 hits, 0 errors, 0 left on base; Vancouver 0 - San Jose 0 | BOTTOM OF THE 2ND |
---|
San Jose Missions batting - Pitching for Vancouver Vipers : RHP Diego González | Batting: SHB Ángel González | 0-0: Ball 1-0: Ball 2-0: Ball 3-0: Called Strike 3-1: SINGLE (Groundball, 4D) | Batting: RHB Chang-geun Kim | 0-0: SINGLE (Line Drive, 4MD) Ángel González to second | Batting: LHB Mel Jones | 0-0: Called Strike 0-1: Grounds into double play, U5-3 (Groundball, 5L) Chang-geun Kim to second | Batting: LHB Alberto Gómez | 0-0: Foul Ball, location: 2F 0-1: SINGLE (Flyball, 9S) Chang-geun Kim to third Runner from 3rd tries for Home, SAFE, throw made home | Batting: RHB José Ramos | 0-0: Called Strike 0-1: Ball 1-1: Fly out, F9 (Flyball, 9) | Bottom of the 2nd over - 1 run, 3 hits, 0 errors, 1 left on base; Vancouver 0 - San Jose 1 | TOP OF THE 3RD |
---|
Vancouver Vipers batting - Pitching for San Jose Missions : RHP Mike Clay | Batting: RHB Clarence Harrison | 0-0: Called Strike 0-1: Foul Ball, location: 2F 0-2: Ball 1-2: Fly out, F8 (Line Drive, 8RD) | Batting: RHB Bob Magee | Error on foul ball, E2 0-1: Called Strike 0-2: Ground out U3 (Groundball, 3L) | Batting: RHB Jesús Lara | 0-0: Ground out 5-3 (Groundball, 56) | Top of the 3rd over - 0 runs, 0 hits, 1 error, 0 left on base; Vancouver 0 - San Jose 1 | BOTTOM OF THE 3RD |
---|
San Jose Missions batting - Pitching for Vancouver Vipers : RHP Diego González | Batting: RHB Lorenzo Mota | 0-0: Fly out, F8 (Flyball, 8RM) | Batting: RHB Jorge Díaz | 0-0: Ball 1-0: Ball 2-0: Called Strike 2-1: Ball 3-1: Foul Ball, location: 2F 3-2: Fly out, F9 (Flyball, 9) | Batting: RHB Peter Bishop | 0-0: Foul Ball, location: 2F 0-1: Foul Ball, location: 2F 0-2: Ground out 5-3 (Groundball, 56) | Bottom of the 3rd over - 0 runs, 0 hits, 0 errors, 0 left on base; Vancouver 0 - San Jose 1 | TOP OF THE 4TH |
---|
Vancouver Vipers batting - Pitching for San Jose Missions : RHP Mike Clay | Batting: LHB Stan Bates | 0-0: Called Strike 0-1: Ball 1-1: Ball 2-1: SINGLE (Line Drive, 4M) | Batting: LHB Randy Wiggins | Pickoff Throw to First - Out! 0-0: Ball 1-0: Called Strike 1-1: Foul Ball, location: 2F 1-2: Strikes out swinging | Batting: RHB Walton Smith | 0-0: Fly out, F8 (Flyball, 8RS) | Top of the 4th over - 0 runs, 1 hit, 0 errors, 0 left on base; Vancouver 0 - San Jose 1 | BOTTOM OF THE 4TH |
---|
San Jose Missions batting - Pitching for Vancouver Vipers : RHP Diego González | Batting: RHB Dale Taylor | 0-0: Ball 1-0: Ball 2-0: Called Strike 2-1: Swinging Strike 2-2: Strikes out looking | Batting: SHB Ángel González | 0-0: SINGLE (Line Drive, 89S) | Batting: RHB Chang-geun Kim | 0-0: Ball 1-0: Ball 2-0: Foul Ball, location: 2F 2-1: Fielders Choice at 2nd, 4-6 (Groundball, 4) | Pitching: RHP José González | | Batting: LHB Mel Jones | 0-0: Called Strike 0-1: Ball 1-1: SINGLE (Line Drive, 9S) Chang-geun Kim to second | Batting: LHB Alberto Gómez | 0-0: Swinging Strike 0-1: Ground out 3-1 (Groundball, 34) | Bottom of the 4th over - 0 runs, 2 hits, 0 errors, 2 left on base; Vancouver 0 - San Jose 1 | TOP OF THE 5TH |
---|
Vancouver Vipers batting - Pitching for San Jose Missions : RHP Mike Clay | Batting: LHB Collin Smith | 0-0: Ball 1-0: Called Strike 1-1: Called Strike 1-2: Foul Ball, location: 2F 1-2: Foul Ball, location: 2F 1-2: Foul Ball, location: 2F 1-2: Ball 2-2: SOLO HOME RUN (Flyball, 9LD), Distance : 355 ft | Batting: LHB Brian Ford | 0-0: Called Strike 0-1: Foul Ball, location: 2F 0-2: Strikes out swinging | Batting: LHB Jorge Martínez | 0-0: Called Strike 0-1: SINGLE (Flyball, 9LS) | Batting: RHB Clarence Harrison | 0-0: Ball Jorge Martínez steals 2nd base 1-0: Swinging Strike 1-1: Called Strike 1-2: Strikes out swinging | Batting: RHB Bob Magee | 0-0: SINGLE (Flyball, 9LS) Jorge Martínez to third Runner from 3rd tries for Home, SAFE, no throw | Batting: RHB Jesús Lara | 0-0: Ball 1-0: Called Strike 1-1: Foul Ball, location: 2F 1-2: Ball 2-2: Foul Ball, location: 2F 2-2: Strikes out swinging | Top of the 5th over - 2 runs, 3 hits, 0 errors, 1 left on base; Vancouver 2 - San Jose 1 | BOTTOM OF THE 5TH |
---|
San Jose Missions batting - Pitching for Vancouver Vipers : RHP José González | Batting: RHB José Ramos | 0-0: Ball 1-0: Called Strike 1-1: Swinging Strike 1-2: Strikes out swinging | Batting: RHB Lorenzo Mota | 0-0: Called Strike 0-1: Ball 1-1: Called Strike 1-2: Foul Ball, location: 2F 1-2: Ball 2-2: Strikes out swinging | Batting: RHB Jorge Díaz | 0-0: Ground out 5-3 (Groundball, 56) | Bottom of the 5th over - 0 runs, 0 hits, 0 errors, 0 left on base; Vancouver 2 - San Jose 1 | TOP OF THE 6TH |
---|
Vancouver Vipers batting - Pitching for San Jose Missions : RHP Mike Clay | Batting: LHB Stan Bates | 0-0: Ball 1-0: Swinging Strike 1-1: Called Strike 1-2: Strikes out swinging | Batting: LHB Randy Wiggins | 0-0: SINGLE (Groundball, 56S) (infield hit) | Batting: RHB Walton Smith | 0-0: Called Strike Randy Wiggins is caught stealing 2nd base 0-1: Ball 1-1: Ball 2-1: SINGLE (Line Drive, 78S) | Batting: LHB Collin Smith | 0-0: Called Strike 0-1: Called Strike 0-2: Ball Error on foul ball, E7 1-2: Foul Ball, location: 2F 1-2: Foul Ball, location: 2F 1-2: Foul Ball, location: 2F 1-2: Foul Ball, location: 2F 1-2: Foul Ball, location: 2F 1-2: Ball 2-2: Ground out 4-3 (Groundball, 4) | Top of the 6th over - 0 runs, 2 hits, 1 error, 1 left on base; Vancouver 2 - San Jose 1 | BOTTOM OF THE 6TH |
---|
San Jose Missions batting - Pitching for Vancouver Vipers : RHP José González | Batting: RHB Peter Bishop | 0-0: Foul Ball, location: 2F 0-1: Ball 1-1: Ball 2-1: Ball 3-1: SINGLE (Groundball, 3S) (infield hit) | Batting: RHB Dale Taylor | 0-0: Ball 1-0: Ball 2-0: Foul Ball, location: 2F 2-1: Foul Ball, location: 2F 2-2: Grounds into double play, 6-4-3 (Groundball, 56) | Batting: SHB Ángel González | 0-0: Ball 1-0: Called Strike 1-1: Ball 2-1: Swinging Strike 2-2: Fly out, F7 (Flyball, 7) | Bottom of the 6th over - 0 runs, 1 hit, 0 errors, 0 left on base; Vancouver 2 - San Jose 1 | TOP OF THE 7TH |
---|
Vancouver Vipers batting - Pitching for San Jose Missions : RHP Mike Clay | Batting: LHB Brian Ford | 0-0: Called Strike 0-1: Ball 1-1: Foul Ball, location: 2F 1-2: Foul Ball, location: 2F 1-2: Ball 2-2: Ground out 6-3 (Groundball, 6M) | Batting: LHB Jorge Martínez | 0-0: Swinging Strike 0-1: Foul Ball, location: 2F 0-2: Foul Ball, location: 2F 0-2: Strikes out swinging, 2-3 out at first. | Batting: RHB Clarence Harrison | 0-0: Fly out, F4 (Line Drive, 4M) | Top of the 7th over - 0 runs, 0 hits, 0 errors, 0 left on base; Vancouver 2 - San Jose 1 | BOTTOM OF THE 7TH |
---|
San Jose Missions batting - Pitching for Vancouver Vipers : RHP José González | Batting: RHB Chang-geun Kim | 0-0: Fly out, F7 (Flyball, 78S) | Batting: LHB Mel Jones | 0-0: Called Strike 0-1: Called Strike 0-2: Ball 1-2: Foul Ball, location: 2F 1-2: Ball 2-2: Ball 3-2: Ground out 4-3 (Groundball, 4) | Batting: LHB Alberto Gómez | 0-0: Ball 1-0: Ball 2-0: Foul Ball, location: 2F 2-1: Swinging Strike 2-2: Ball 3-2: Fly out, F7 (Flyball, 7D) | Bottom of the 7th over - 0 runs, 0 hits, 0 errors, 0 left on base; Vancouver 2 - San Jose 1 | TOP OF THE 8TH |
---|
Vancouver Vipers batting - Pitching for San Jose Missions : RHP Mike Clay | Pitching: RHP David Bates | | Batting: RHB Bob Magee | 0-0: Foul Ball, location: 2F 0-1: Ball 1-1: Ball 2-1: Foul Ball, location: 2F 2-2: Ball 3-2: Strikes out looking | Batting: RHB Jesús Lara | 0-0: Ball 1-0: Called Strike 1-1: Ball 2-1: Ball 3-1: Called Strike 3-2: Base on Balls | Batting: LHB Stan Bates | 0-0: Ball Jesús Lara steals 2nd base 1-0: Intentional Walk | Batting: LHB Randy Wiggins | 0-0: Called Strike 0-1: Called Strike Stan Bates is caught stealing 2nd base 0-2: Strikes out swinging | Top of the 8th over - 0 runs, 0 hits, 0 errors, 1 left on base; Vancouver 2 - San Jose 1 | BOTTOM OF THE 8TH |
---|
San Jose Missions batting - Pitching for Vancouver Vipers : RHP José González | Now at 1B: Lorenzo González | | Batting: RHB José Ramos | 0-0: Called Strike 0-1: Ball 1-1: Ground out 6-3 (Groundball, 6) | Batting: RHB Lorenzo Mota | 0-0: Ball 1-0: Called Strike 1-1: Foul Ball, location: 2F 1-2: SINGLE (Flyball, 89M) | Pitching: RHP Juan Rivera | | Batting: RHB Jorge Díaz | 0-0: Swinging Strike 0-1: Fly out, F9 (Flyball, 89S) | Batting: RHB Peter Bishop | 0-0: Ball 1-0: Ball 2-0: Foul Ball, location: 2F 2-1: Foul Ball, location: 2F 2-2: Fly out, F7 (Flyball, 7) | Bottom of the 8th over - 0 runs, 1 hit, 0 errors, 1 left on base; Vancouver 2 - San Jose 1 | TOP OF THE 9TH |
---|
Vancouver Vipers batting - Pitching for San Jose Missions : RHP David Bates | Pitching: RHP Tommy Waters | | Batting: RHB Walton Smith | 0-0: Called Strike 0-1: Ball 1-1: Ball 2-1: Ball 3-1: Ground out 5-3 (Groundball, 56S) | Batting: LHB Collin Smith | 0-0: Ball 1-0: Foul Ball, location: 2F 1-1: Ball 2-1: Ball 3-1: Base on Balls | Batting: LHB Brian Ford | 0-0: Foul Ball, location: 2F 0-1: SINGLE (Groundball, 34D) Collin Smith to second Runner from 2nd tries for 3rd, SAFE, throw made to third | Pinch Hitting: RHB Ramón Molina | 0-0: Ball Brian Ford steals 2nd base 1-0: Intentional Walk | Pinch Hitting: LHB Mike Williams | 0-0: Ball 1-0: Ball 2-0: Ball 3-0: Called Strike 3-1: SINGLE (Flyball, 9LS) Collin Smith scores Brian Ford to third Ramón Molina to second Runner from 3rd tries for Home, throw and OUT! | Batting: RHB Bob Magee | 0-0: Ball 1-0: Called Strike 1-1: Ball Wild Pitch! Ramón Molina to third Mike Williams to second 2-1: Foul Ball, location: 2F 2-2: Foul Ball, location: 2F 2-2: Ball 3-2: Strikes out looking | Top of the 9th over - 1 run, 2 hits, 0 errors, 2 left on base; Vancouver 3 - San Jose 1 | BOTTOM OF THE 9TH |
---|
San Jose Missions batting - Pitching for Vancouver Vipers : RHP Juan Rivera | Pitching: RHP Von Hicks | | Now at SS: Axel Guimont | | Now in LF: Mike Williams | | Batting: RHB Dale Taylor | 0-0: Called Strike 0-1: Foul Ball, location: 2F 0-2: Ball 1-2: Strikes out looking | Batting: SHB Ángel González | 0-0: Ball 1-0: Ball 2-0: Foul Ball, location: 2F 2-1: Ball 3-1: SINGLE (Line Drive, 5D) | Batting: RHB Chang-geun Kim | 0-0: Ball 1-0: Ball 2-0: Called Strike 2-1: Called Strike 2-2: Ball Pickoff Throw by Catcher to First - Out! 3-2: Foul Ball, location: 2F 3-2: Ground out 4-3 (Groundball, 4) | Bottom of the 9th over - 0 runs, 1 hit, 0 errors, 0 left on base; Vancouver 3 - San Jose 1 | |